 Dungeon Crawl Stone Soup version 0.30-a0-1035-g38d5fb2972 (webtiles) character file.

Game seed: 955910594364835679

268 MacCMillion the Shooter (level 5, -12/41 HPs)
             Began as a Demigod Hunter on Apr 8, 2023.
             Mangled by an ice beast (13 damage)
             ... on level 3 of the Dungeon.
             The game lasted 00:06:56 (2823 turns).

MacCMillion the Shooter (Demigod Hunter)            Turns: 2823, Time: 00:06:57

Health: -12/41     AC:  3    Str: 12    XL:     5   Next: 68%
Magic:  7/7        EV: 12    Int: 11    God:
Gold:   103        SH:  0    Dex: 21    Spells: 4/4 levels left

rFire   . . .      SeeInvis .    a - +0 shortbow
rCold   . . .      Faith    .    (shield currently unavailable)
rNeg    . . .      Spirit   .    c - +0 leather armour
rPois   +          Reflect  .    (no helmet)
rElec   .          Rampage  .    (no cloak)
rCorr   .                        (no gloves)
Will    .....                    (no boots)
Stlth   ++                       (no amulet)
HPRegen 0.26/turn                k - ring of poison resistance
MPRegen 0.10/turn                (no ring)

@: no status effects
A: high MP 1, forlorn, divine attributes
a: no special abilities


You were on level 3 of the Dungeon.
You visited 1 branch of the dungeon, and saw 4 of its levels.

You collected 103 gold pieces.

Inventory:

Hand Weapons
 a - a +0 shortbow (weapon)
Missiles
 p - a throwing net
Armour
 c - a +0 leather armour (worn)
Jewellery
 k - a ring of poison resistance (left hand)
Scrolls
 b - 3 scrolls of immolation
 d - a scroll of identify
 e - 3 scrolls of blinking {unknown}
 j - a scroll of fear
 n - a scroll of acquirement
 q - a scroll of noise {unknown}
 s - a scroll of vulnerability {unknown}
 t - 2 scrolls of magic mapping {unknown}
Potions
 f - 3 potions of curing
 g - a potion of ambrosia {unknown}
 h - 2 potions of heal wounds
 i - a potion of flight {unknown}
 l - a potion of degeneration {unknown}
 m - a potion of brilliance
 o - a potion of haste {unknown}
 r - a potion of attraction {unknown}


   Skills:
 - Level 1.7 Fighting
 + Level 6.4 Ranged Weapons
 - Level 1.7 Dodging
 - Level 2.0 Stealth


You had 4 spell levels left.
You didn't know any spells.
Your spell library was empty.

Dungeon Overview and Level Annotations

Branches:
Dungeon (4/15)
 Temple: D:4-7

Shops:
D:2 :

Annotations:
D:2 Terence


Innate Abilities, Weirdness & Mutations

You have an increased reservoir of magic. (+10% MP)
You shall have no god before yourself.
Your divine heritage dramatically boosts your attributes as you level up.


Message History

You shoot an arrow.
The arrow hits the ice beast but does no damage.
The iguana hisses angrily.
You shoot an arrow.
The arrow hits the ice beast but does no damage.
You shoot an arrow. The arrow closely misses the ice beast.
The ice beast hits you. The ice beast freezes you.
You climb upwards.
There is a stone staircase leading down here.
You shoot an arrow. The arrow barely misses the ice beast.
The ice beast barely misses you.
The ice beast hits you but does no damage.
You shoot an arrow.
The arrow hits the ice beast but does no damage.
The ice beast closely misses you.
You shoot an arrow. The arrow closely misses the ice beast.
The ice beast hits you. The ice beast freezes you!
You are too injured to fight recklessly!
You are too injured to fight recklessly!
Fire: a) +0 shortbow
Press: ? - help, Q - select action, (/) - cycle Shift-Dir - straight line, f/p - ice beast
Aim: an ice beast (65% to hit)
You shoot an arrow. The arrow hits the ice beast.
The ice beast is lightly wounded.
The ice beast hits you but does no damage.
Fire: a) +0 shortbow
Press: ? - help, Q - select action, (/) - cycle Shift-Dir - straight line, f/p - ice beast
Aim: an ice beast (lightly wounded, 65% to hit)
You shoot an arrow. The arrow closely misses the ice beast.
The ice beast barely misses you.
Fire: a) +0 shortbow
Press: ? - help, Q - select action, (/) - cycle Shift-Dir - straight line, f/p - ice beast
Aim: an ice beast (lightly wounded, 65% to hit)
You shoot an arrow. The arrow closely misses the ice beast.
The ice beast hits you. The ice beast freezes you!
* * * LOW HITPOINT WARNING * * *
The ice beast hits you.
* * * LOW HITPOINT WARNING * * *
The ice beast freezes you!
You die...

#.#######.# #.# #.#
#.#######.########
#.................
#..######.######## #..#
#.######.# #..# #........#
#######Y.#############.#
#....##@...............#
#....##..######.....##.#
#....##....####.....##.#
#....'........+.)...+...
#....###.#.####.....##..
#....#.#......'.........
#....#.###.####.....###.
####.#..................
#######.#.###..............


You could see an ice beast.

Vanquished Creatures
  Natasha (thrice) (D:3)
  An orc wizard (D:3)
  6 gnolls
  3 adders (D:2)
  A dart slug (D:1)
  11 orcs (D:3)
  4 endoplasms
  A giant cockroach (D:3)
  4 goblins
  5 hobgoblins
  6 jackals
  7 kobolds
  4 quokkas
  6 ball pythons
  4 bats
  4 frilled lizards
  2 rats (D:2)
72 creatures vanquished.

Notes
Turn   | Place    | Note
-------+----------+-------------------------------------------
     0 | D:1      | MacCMillion the Demigod Hunter began the quest for the Orb.
     0 | D:1      | Reached XP level 1. HP: 17/17 MP: 3/3
    30 | D:1      | Reached skill level 1 in Stealth
   278 | D:1      | Reached XP level 2. HP: 24/24 MP: 4/4
   328 | D:1      | Reached skill level 4 in Ranged Weapons
   641 | D:2      | Noticed Terence
   676 | D:2      | Reached XP level 3. HP: 29/29 MP: 5/5
   788 | D:2      | Found Iliremol's Book Boutique.
  1031 | D:2      | Reached XP level 4. HP: 36/36 MP: 6/6
  1037 | D:2      | Reached skill level 5 in Ranged Weapons
  1640 | D:3      | Reached XP level 5. HP: 18/41 MP: 7/7
  2067 | D:3      | Noticed Natasha
  2086 | D:3      | Killed Natasha
  2087 | D:3      | Reached skill level 6 in Ranged Weapons
  2135 | D:3      | Noticed Natasha
  2140 | D:3      | Killed Natasha
  2156 | D:3      | Noticed Natasha
  2160 | D:3      | Killed Natasha
  2619 | D:4      | Identified a scroll of acquirement
  2644 | D:4      | Noticed an ogre
  2812 | D:4      | Noticed an ice beast
  2823 | D:3      | HP: 1/41 [ice beast (3)]
  2823 | D:3      | Mangled by an ice beast

Illustrated notes

Levels and vault maps discovered:
D:1:      roderic_chinese_lattice_arrival, layout_rooms
D:2:      layout_rooms, serial_shops, shop, grunt_ministairs_7, uniq_terence
D:3:      layout_basic, uniq_natasha
D:4:      layout_basic, enter_ossuary_2, serial_bayou_ford_a,
          minmay_shop_enchanted_jewellery, uniq_grinder, uniq_edmund

Skill      XL: |  1  2  3  4  5 |
---------------+----------------+-----
Stealth        | 1 2 |  2.0
Ranged Weapons | 4 5 6 |  6.4
Fighting       | |  1.7
Dodging        | |  1.7

Action                     |  1- 3 |  4- 6 || total
---------------------------+-------+-------++-------
   Fire: Shortbow          |    82 |   117 ||   199
    Use: Scroll            |       |     4 ||     4
 Armour: Leather armour    |     1 |     6 ||     7
  Dodge: Dodged            |    15 |    26 ||    41

Table legend: (Time is in decaauts)
 A = Elapsed time spent in this place.
 B = Non-inter-level travel time spent in this place.
 C = Inter-level travel time spent in this place.
 D = Time resting spent in this place.
 E = Time spent auto-exploring this place.
 F = Levels seen in this place.
 G = Mean time per level.
                   A        B        C        D        E       F      G
               +--------+--------+--------+--------+--------+-----+--------+
         Total |   2881 |   2671 |    210 |    966 |   1060 |   4 |  720.2 |
       Dungeon |   2881 |   2671 |    210 |    966 |   1060 |   4 |  720.2 |
               +--------+--------+--------+--------+--------+-----+--------+

Top non-repeatable levels by time:
     D:3: 1478 daAuts
     D:1: 692 daAuts
     D:2: 648 daAuts
     D:4: 62 daAuts
